 Dungeon Crawl Stone Soup version 0.29-a0-1052-g6990b1bffc (webtiles) character file.

Game seed: 16931592365633544244

4801 sanka the Destroyer (level 10, -8/74 HPs)
             Began as a Gnoll Conjurer on Aug 17, 2022.
             Was a Follower of Ashenzari.
             Mangled by a kobold brigand
             ... wielding a +1 short sword of holy wrath
              (20 damage)
             ... on level 8 of the Dungeon.
             The game lasted 00:18:37 (11341 turns).

sanka the Destroyer (Gnoll Conjurer)               Turns: 11341, Time: 00:18:38

Health: -8/74      AC:  2    Str:  9    XL:     10   Next: 48%
Magic:  20/21      EV:  2    Int: 22    God:    Ashenzari [*.....]
Gold:   468        SH:  0    Dex: 11    Spells: 12/24 levels left

rFire   . . .      SeeInvis .   a - +5 spear "Neicke" {flame, rElec Str+3}
rCold   . . .      Faith    .   (no shield)
rNeg    + . .      Spirit   .   m - +0 robe of the Eternal Elitism {Melee, Alch} (curse)
rPois   .          Reflect  .   (no helmet)
rElec   +          Harm     .   (no cloak)
rCorr   .          Rampage  .   (no gloves)
Will    .....                   (no boots)
Stlth   +++.......              (no amulet)
HPRegen 0.22/turn               w - ring of wizardry
MPRegen 0.17/turn               E - ring of Ashenzari's Pleiades {rN+, Range, Fort} (curse)

@: sleeping
A: fangs 1, strong nose, distributed training
a: Renounce Religion, Curse Item, Shatter the Chains


You were on level 8 of the Dungeon.
You worshipped Ashenzari.
Ashenzari was aware of your devotion.
You visited 2 branches of the dungeon, and saw 9 of its levels.
You also visited: Sewer.

You collected 468 gold pieces.


Innate Abilities, Weirdness & Mutations

You have very sharp teeth.
Your uncanny sense of smell can sniff out nearby items.
Your experience applies equally to all skills.


   Skills:
 + Level 5.5 Fighting
 + Level 5.5(6.3) Short Blades
 + Level 5.5(6.3) Long Blades
 + Level 5.5(6.3) Axes
 + Level 5.5(6.3) Maces & Flails
 + Level 5.5(6.3) Polearms
 + Level 5.5(6.3) Staves
 + Level 5.5(6.3) Ranged Weapons
 + Level 5.5(6.3) Throwing
 + Level 5.5(6.3) Armour
 + Level 7.2 Dodging
 + Level 7.0 Stealth
 + Level 5.5(6.3) Shields
 + Level 5.5(6.3) Unarmed Combat
 + Level 7.5 Spellcasting
 + Level 8.5 Conjurations
 + Level 4.5 Hexes
 + Level 4.5 Summonings
 + Level 4.5 Necromancy
 + Level 4.5 Translocations
 + Level 4.5(5.3) Transmutations
 + Level 4.5 Fire Magic
 + Level 4.5 Ice Magic
 + Level 4.5 Air Magic
 + Level 4.5 Earth Magic
 + Level 4.5(5.3) Poison Magic
 + Level 6.1 Invocations
 + Level 5.5 Evocations


You had 12 spell levels left.
You knew the following spells:

 Your Spells              Type           Power      Damage    Failure   Level
c - Fireball              Conj/Fire      18%        3d9       6%          5
x - Searing Ray           Conj           92%        2d7       1%          2
z - Magic Dart            Conj           100%       1d8       1%          1
Z - Fulminant Prism       Conj/Hex       18%        3d11      2%          4

Your spell library contained the following spells:

 Spells                   Type           Power      Damage    Failure   Level
 Foxfire                  Conj/Fire      100%       2x1d9     1%          1
 Freeze                   Ice            100%       1d11      1%          1
 Dazzling Flash           Conj/Hex       74%        N/A       1%          3
 Frozen Ramparts          Ice            56%        1d9       1%          3
 Hailstorm                Conj/Ice       37%        3d9       2%          4
 Iskenderun's Mystic Bla  Conj/Tloc      37%        2d9       2%          4
 Animate Dead             Necr           28%        N/A       4%          4
 Cause Fear               Hex            14%        N/A       4%          4
 Leda's Liquefaction      Hex/Erth       14%        N/A       4%          4
 Summon Lightning Spire   Summ/Air       28%        N/A       4%          4
 Borgnjor's Vile Clutch   Necr/Erth      14%        N/A       13%         5
 Starburst                Conj/Fire      18%        6d7       32%         6
 Death Channel            Necr           14%        N/A       56%         6
 Storm Form               Tmut/Air       15%        N/A       96%         7
 Ignition                 Fire           14%        3d6       100%        8
 Maxwell's Capacitive Co  Air            14%        ∞         100%        8

Inventory:

Hand Weapons
 a - the +5 spear "Neicke" (weapon) {flame, rElec Str+3}

   It burns those it strikes, dealing additional fire damage.
   Str:       It affects your strength (+3).
   rElec:     It insulates you from electricity.
 b - a +1 dagger of flaming
 v - a +0 spear of venom
 x - the +3 hand axe of Aniufol {freeze, rC+ Str-3 Dex+3 Stlth+}

   It freezes those it strikes, dealing additional cold damage.
   It can also slow down cold-blooded creatures.
   Str:       It affects your strength (-3).
   Dex:       It affects your dexterity (+3).
   rC:        It protects you from cold.
   Stlth:     It makes you more stealthy.
 A - the +5 rapier of Zemmoask {holy, rN+}

   It has been blessed by the Shining One to cause great damage to the undead
   and demons.
   rN:        It protects you from negative energy.
Missiles
 k - 2 javelins
 I - 3 throwing nets {=f}
 M - a curare-tipped dart {=f}
Armour
 m - the cursed +0 robe of the Eternal Elitism (worn) {Melee, Alch}

   It has a curse which improves the following skills: Melee Combat: Short
   Blades, Long Blades, Axes, Maces & Flails, Polearms, Staves and Unarmed
   Combat.
   Alchemy:   Poison Magic and Transmutations.
Magical Staves
 N - a staff of air
Jewellery
 w - a ring of wizardry (left hand)
 D - a ring of ice
 E - the cursed ring of Ashenzari's Pleiades (right hand) {rN+, Range, Fort}

   [ring of positive energy]

   rN:        It protects you from negative energy.
   It has a curse which improves the following skills: Ranged Combat: Ranged
   Weapons and Throwing.
   Fortitude: Armour and Shields.
 P - a ring of poison resistance
Wands
 s - a wand of quicksilver (6)
 C - a wand of polymorph (20)
 G - a wand of flame (22)
 O - a wand of roots (7)
Scrolls
 c - 4 scrolls of identify {@r1}
 h - a scroll of enchant armour
 i - 5 scrolls of teleportation {@r4}
 o - a scroll of silence {!r}
 r - 3 scrolls of magic mapping
 t - 2 scrolls of fog
 u - a scroll of fear
 y - 3 scrolls of blinking
 z - 2 scrolls of noise {!r}
 F - a scroll of vulnerability {!r}
 K - a scroll of amnesia
 L - a scroll of enchant weapon
 Q - a scroll of poison {!r}
Potions
 d - 4 potions of curing {@q1}
 f - 3 potions of flight
 g - a potion of magic
 j - 2 potions of cancellation
 l - a potion of might
 n - 2 potions of attraction {!q}
 p - 3 potions of degeneration {!q}
 q - a potion of ambrosia
 B - 2 potions of haste {@q3}
 H - 2 potions of resistance
 J - a potion of invisibility
 R - a potion of mutation {!q}

Dungeon Overview and Level Annotations

Branches:
Dungeon (8/15)             Temple (1/1) D:5           Sewer (visited)
   Lair: D:8-11

Altars:
Ashenzari
Cheibriados
Dithmenos
Elyvilon
Fedhas
Gozag
Hepliaklqana
Kikubaaqudgha
Makhleb
Nemelex Xobeh
Okawaru
Qazlal
Ru
Sif Muna
Trog
Uskayaw
Wu Jian
Xom
Yredelemnul
Zin
The Shining One

Shops:
D:7 *

Annotations:
D:5 Dowan, Duvessa

∆+.P~PP▒ ▒▒▒▒▒▒▒
▒~~)~P▒
....▒.▒+▒▒P~P.~▒
......▒..▒.....▒▒▒
(.....▒..'.♣.♣K..▒
......▒..'..♣.~▒.▒
......▒..'.♣.♣.▒.▒
...<..▒..▒.....▒K▒
......▒▒▒▒▒▒▒▒▒▒g▒
.................▒
..........▒▒▒▒▒▒▒▒
▒▒..▒▒▒▒▒▒▒ ▒..▒
.... .▒▒. .


You could see a kobold brigand.


Message History

You fall asleep.
The dream sheep bites you!!
You wake up.
* * * LOW HITPOINT WARNING * * *
The dream sheep bites you.
* * * LOW HITPOINT WARNING * * *
Unknown command.
The dream sheep bites you.
* * * LOW HITPOINT WARNING * * *
The dream sheep bites you but does no damage.
Unknown command.
Unknown command.
Aiming: Fastroot
Aim: a dream sheep (moderately wounded)
The roots erupt in riotous growth!
Roots grab the dream sheep.
Roots grab the dream sheep.
The grasping roots constrict the dream sheep!
The grasping roots constrict the dream sheep!
The dream sheep shake their wool and sparkle.
You feel drowsy...
You fall asleep.
You feel yourself speed up.
The grasping roots constrict the dream sheep!
You kill the dream sheep!
The grasping roots constrict the dream sheep!
You kill the dream sheep!
Your Stealth skill increases to level 7!
Your Invocations skill increases to level 6!
The kobold brigand hits you with a +1 short sword of holy wrath!!
You die...

Action                   |  1- 3 |  4- 6 |  7- 9 | 10-12 || total
-------------------------+-------+-------+-------+-------++-------
Melee: Unarmed           |    15 |       |       |       ||    15
       Bite              |     2 |     2 |     2 |     2 ||     8
       Dagger            |     2 |     1 |    16 |       ||    19
       Spear             |       |     4 |    63 |    28 ||    95
       Punch             |       |       |     4 |       ||     4
 Cast: Magic Dart        |    55 |    86 |    91 |    37 ||   269
       Searing Ray       |     2 |    12 |    43 |     6 ||    63
       Fulminant Prism   |       |       |     2 |     2 ||     4
       Fireball          |       |       |       |     1 ||     1
Invok: Curse Item        |       |       |     2 |       ||     2
Evoke: Wand              |       |       |     3 |     2 ||     5
  Use: Potion            |       |       |       |     3 ||     3
 Stab: Sleeping          |       |       |     1 |       ||     1
Armor: Robe              |     6 |     3 |    11 |     5 ||    25
Dodge: Dodged            |    19 |    13 |    82 |    31 ||   145

Levels and vault maps discovered:
D:1:      roderic_crop_circles_arrival_small, layout_basic
D:2:      layout_loops_ring, kennysheep_cluttered_room, uniq_natasha
D:3:      layout_loops_cross, shapermc_ecumenical_altar_rom_forum
D:4:      layout_basic, kennysheep_another_room, hangedman_decor_diamond_cutter
D:5:      layout_loops_ring, minmay_overflow_temple_star_hex,
          minmay_temple_entry_overgrown, uniq_eustachio, uniq_duvessa,
          uniq_pikel
D:6:      layout_basic, general_overflow_altar, portal_sewer_entry_a,
          serial_bayou_pond_a, kennysheep_generic_room_14
D:7:      minmay_chambers_of_sevens, layout_basic, kennysheep_mini_moat,
          minivault_25, nicolae_concentric_dashed_squares_wild,
          nicolae_evil_shop
D:8:      layout_rooms, hangedman_ranch
Temple:   nicolae_temple_ecumenical_triangle

Notes
Turn   | Place    | Note
-------+----------+-------------------------------------------
     0 | D:1      | sanka the Gnoll Conjurer began the quest for the Orb.
     0 | D:1      | Reached XP level 1. HP: 13/13 MP: 6/6
   142 | D:1      | Reached XP level 2. HP: 19/19 MP: 2/7
   397 | D:1      | Learned a level 2 spell: Searing Ray
   627 | D:1      | Reached skill level 5 in Spellcasting
   627 | D:1      | Reached XP level 3. HP: 25/25 MP: 6/9
   908 | D:2      | Reached skill level 1 in Invocations
  1109 | D:2      | Reached skill level 1 in Fighting
  1109 | D:2      | Reached skill level 1 in Short Blades
  1109 | D:2      | Reached skill level 1 in Long Blades
  1109 | D:2      | Reached skill level 1 in Axes
  1109 | D:2      | Reached skill level 1 in Maces & Flails
  1109 | D:2      | Reached skill level 1 in Polearms
  1109 | D:2      | Reached skill level 1 in Staves
  1109 | D:2      | Reached skill level 1 in Ranged Weapons
  1109 | D:2      | Reached skill level 1 in Throwing
  1109 | D:2      | Reached skill level 1 in Armour
  1109 | D:2      | Reached skill level 1 in Shields
  1109 | D:2      | Reached skill level 1 in Unarmed Combat
  1109 | D:2      | Reached skill level 1 in Evocations
  1109 | D:2      | Reached XP level 4. HP: 27/32 MP: 2/11
  1190 | D:2      | Reached skill level 1 in Hexes
  1190 | D:2      | Reached skill level 1 in Summonings
  1190 | D:2      | Reached skill level 1 in Necromancy
  1190 | D:2      | Reached skill level 1 in Translocations
  1190 | D:2      | Reached skill level 1 in Transmutations
  1190 | D:2      | Reached skill level 1 in Fire Magic
  1190 | D:2      | Reached skill level 1 in Ice Magic
  1190 | D:2      | Reached skill level 1 in Air Magic
  1190 | D:2      | Reached skill level 1 in Earth Magic
  1190 | D:2      | Reached skill level 1 in Poison Magic
  1247 | D:2      | Noticed Natasha
  1253 | D:2      | Killed Natasha
  1254 | D:2      | Reached XP level 5. HP: 24/37 MP: 6/12
  1389 | D:2      | Noticed Natasha
  1395 | D:2      | Killed Natasha
  1546 | D:2      | Noticed Natasha
  1549 | D:2      | Killed Natasha
  2185 | D:3      | Found a faded altar of an unknown god.
  2236 | D:3      | Reached skill level 2 in Invocations
  2365 | D:3      | Identified the +5 rapier of Zemmoask {holy, rN+}
  2375 | D:3      | Identified the +3 hand axe of Aniufol {freeze, rC+ Str-3
                  | Dex+3 Stlth+}
  2446 | D:3      | Got Plato's Writings on Combustion
  2596 | D:3      | Reached XP level 6. HP: 44/44 MP: 9/13
  2741 | D:3      | Identified the +5 spear "Neicke" {flame, rElec Str+3}
  3135 | D:4      | Reached skill level 5 in Dodging
  3140 | D:4      | Reached skill level 2 in Fighting
  3140 | D:4      | Reached skill level 2 in Short Blades
  3140 | D:4      | Reached skill level 2 in Long Blades
  3140 | D:4      | Reached skill level 2 in Axes
  3140 | D:4      | Reached skill level 2 in Maces & Flails
  3140 | D:4      | Reached skill level 2 in Polearms
  3140 | D:4      | Reached skill level 2 in Staves
  3140 | D:4      | Reached skill level 2 in Ranged Weapons
  3140 | D:4      | Reached skill level 2 in Throwing
  3140 | D:4      | Reached skill level 2 in Armour
  3140 | D:4      | Reached skill level 2 in Shields
  3140 | D:4      | Reached skill level 2 in Unarmed Combat
  3140 | D:4      | Reached skill level 2 in Evocations
  4355 | D:5      | Entered Level 5 of the Dungeon
  4355 | D:5      | Noticed Eustachio
  4594 | D:5      | Killed Eustachio
  4595 | D:5      | Reached skill level 2 in Hexes
  4595 | D:5      | Reached skill level 2 in Summonings
  4595 | D:5      | Reached skill level 2 in Necromancy
  4595 | D:5      | Reached skill level 2 in Translocations
  4595 | D:5      | Reached skill level 2 in Transmutations
  4595 | D:5      | Reached skill level 2 in Fire Magic
  4595 | D:5      | Reached skill level 2 in Ice Magic
  4595 | D:5      | Reached skill level 2 in Air Magic
  4595 | D:5      | Reached skill level 2 in Earth Magic
  4595 | D:5      | Reached skill level 2 in Poison Magic
  4595 | D:5      | Reached XP level 7. HP: 51/51 MP: 1/15
  5066 | D:5      | Reached skill level 5 in Stealth
  5066 | D:5      | Reached skill level 3 in Invocations
  5664 | D:5      | Noticed Duvessa
  5664 | D:5      | Noticed Dowan
  5664 | D:5      | Noticed Pikel
  5682 | D:5      | Killed Pikel
  5683 | D:5      | Reached skill level 3 in Fighting
  5683 | D:5      | Reached skill level 3 in Short Blades
  5683 | D:5      | Reached skill level 3 in Long Blades
  5683 | D:5      | Reached skill level 3 in Axes
  5683 | D:5      | Reached skill level 3 in Maces & Flails
  5683 | D:5      | Reached skill level 3 in Polearms
  5683 | D:5      | Reached skill level 3 in Staves
  5683 | D:5      | Reached skill level 3 in Ranged Weapons
  5683 | D:5      | Reached skill level 3 in Throwing
  5683 | D:5      | Reached skill level 3 in Armour
  5683 | D:5      | Reached skill level 3 in Shields
  5683 | D:5      | Reached skill level 3 in Unarmed Combat
  5683 | D:5      | Reached skill level 6 in Spellcasting
  5683 | D:5      | Reached skill level 3 in Evocations
  5683 | D:5      | Reached XP level 8. HP: 11/58 MP: 4/17
  6014 | D:5      | Found a staircase to the Ecumenical Temple.
  6020 | Temple   | Entered the Ecumenical Temple
  6047 | Temple   | Became a worshipper of Ashenzari the Shackled
  6071 | D:5      | Learned a level 4 spell: Fulminant Prism
  6380 | D:5      | Found an ancient bone altar of Kikubaaqudgha.
  6384 | D:5      | Found a sparkling altar of Nemelex Xobeh.
  6384 | D:5      | Found a bloodstained altar of Trog.
  6395 | D:5      | Found a white marble altar of Elyvilon.
  6398 | D:5      | Found a glowing golden altar of the Shining One.
  6602 | D:6      | Reached skill level 3 in Hexes
  6602 | D:6      | Reached skill level 3 in Summonings
  6602 | D:6      | Reached skill level 3 in Necromancy
  6602 | D:6      | Reached skill level 3 in Translocations
  6602 | D:6      | Reached skill level 3 in Transmutations
  6602 | D:6      | Reached skill level 3 in Fire Magic
  6602 | D:6      | Reached skill level 3 in Ice Magic
  6602 | D:6      | Reached skill level 3 in Air Magic
  6602 | D:6      | Reached skill level 3 in Earth Magic
  6602 | D:6      | Reached skill level 3 in Poison Magic
  6602 | D:6      | Reached skill level 4 in Invocations
  6609 | D:6      | Reached skill level 6 in Dodging
  6739 | D:6      | Found a glowing drain.
  6833 | Sewer    | Entered a sewer
  7311 | D:6      | Found a shadowy altar of Dithmenos.
  7326 | D:6      | Reached XP level 9. HP: 56/65 MP: 11/18
  7335 | D:6      | Reached skill level 4 in Fighting
  7335 | D:6      | Reached skill level 4 in Short Blades
  7335 | D:6      | Reached skill level 4 in Long Blades
  7335 | D:6      | Reached skill level 4 in Axes
  7335 | D:6      | Reached skill level 4 in Maces & Flails
  7335 | D:6      | Reached skill level 4 in Polearms
  7335 | D:6      | Reached skill level 4 in Staves
  7335 | D:6      | Reached skill level 4 in Ranged Weapons
  7335 | D:6      | Reached skill level 4 in Throwing
  7335 | D:6      | Reached skill level 4 in Armour
  7335 | D:6      | Reached skill level 4 in Shields
  7335 | D:6      | Reached skill level 4 in Unarmed Combat
  7335 | D:6      | Reached skill level 4 in Evocations
  7630 | D:6      | Reached skill level 6 in Stealth
  7630 | D:6      | Reached skill level 8 in Conjurations
  8653 | D:7      | Found an iron altar of Okawaru.
  8691 | D:7      | Reached * piety under Ashenzari
  8691 | D:7      | Identified a potion of resistance
  8730 | D:7      | Reached skill level 5 in Invocations
  8874 | D:7      | Found Uwul's Wicked Wares.
  9539 | D:7      | Noticed a red ugly thing
  9542 | D:7      | Reached skill level 7 in Spellcasting
  9547 | D:7      | Killed a red ugly thing
  9548 | D:7      | Reached skill level 4 in Hexes
  9548 | D:7      | Reached skill level 4 in Summonings
  9548 | D:7      | Reached skill level 4 in Necromancy
  9548 | D:7      | Reached skill level 4 in Translocations
  9548 | D:7      | Reached skill level 4 in Transmutations
  9548 | D:7      | Reached skill level 4 in Fire Magic
  9548 | D:7      | Reached skill level 4 in Ice Magic
  9548 | D:7      | Reached skill level 4 in Air Magic
  9548 | D:7      | Reached skill level 4 in Earth Magic
  9548 | D:7      | Reached skill level 4 in Poison Magic
  9809 | D:7      | Reached skill level 5 in Fighting
  9809 | D:7      | Reached skill level 5 in Short Blades
  9809 | D:7      | Reached skill level 5 in Long Blades
  9809 | D:7      | Reached skill level 5 in Axes
  9809 | D:7      | Reached skill level 5 in Maces & Flails
  9809 | D:7      | Reached skill level 5 in Polearms
  9809 | D:7      | Reached skill level 5 in Staves
  9809 | D:7      | Reached skill level 5 in Ranged Weapons
  9809 | D:7      | Reached skill level 5 in Throwing
  9809 | D:7      | Reached skill level 5 in Armour
  9809 | D:7      | Reached skill level 5 in Shields
  9809 | D:7      | Reached skill level 5 in Unarmed Combat
  9809 | D:7      | Reached skill level 5 in Evocations
  9997 | D:7      | Reached XP level 10. HP: 66/74 MP: 5/20
 10107 | D:7      | Reached skill level 7 in Dodging
 10146 | D:7      | Killed an unseen horror
 10157 | D:7      | HP: 6/74 [vampire mosquito (6)]
 10964 | D:8      | Learned a level 5 spell: Fireball
 11251 | D:8      | Identified the Almanac of Interference
 11335 | D:8      | HP: 4/74 [dream sheep (31)]
 11340 | D:8      | Reached skill level 7 in Stealth
 11340 | D:8      | Reached skill level 6 in Invocations
 11341 | D:8      | Mangled by a kobold brigand

Vanquished Creatures
  Pikel (D:5)
  An ugly thing (D:7)
  An unseen horror (D:7)
  2 dream sheep (D:8)
  A wraith (D:7)
  Eustachio (D:5)
  A vampire mosquito (D:7)
  5 water moccasins
  An orc warrior (D:7)
  2 sky beasts
  An ogre (D:7)
  3 ice beasts
  A phantom (D:4)
  A lemure (D:5)
  2 kobold brigands
  6 bullfrogs
  2 scorpions
  3 wights (D:6)
  6 orc priests
  4 hounds
  2 jellies
  A gnoll bouda (D:6)
  2 iguanas (D:6)
  Natasha (thrice) (D:2)
  6 orc wizards
  9 gnolls
  7 adders
  2 shadow imps
  A white imp (D:7)
  A dart slug (D:5)
  27 orcs
  2 ball pythons
  5 endoplasms
  6 giant cockroaches
  10 goblins
  6 hobgoblins
  3 jackals
  8 kobolds
  8 quokkas
  4 bats (D:1)
  6 frilled lizards
  8 rats
172 creatures vanquished.

Vanquished Creatures (others)
  4 fulminant prisms (D:7)
  15 plants
19 creatures vanquished.

Grand Total: 191 creatures vanquished
